 Dungeon Crawl Stone Soup version 0.17-a0-1793-gcbb3aa1 (webtiles) character file.

66058 shakdrar the Cleaver (level 14, -1/114 HPs)
             Began as a Demonspawn Abyssal Knight on Sept 9, 2015.
             Was the Champion of Lugonu.
             Slain by an infernal demonspawn
             ... wielding a +0 demon whip
              (6 damage)
             ... on level 4 of the Orcish Mines.
             The game lasted 02:07:32 (21843 turns).

shakdrar the Cleaver (Demonspawn Abyssal Knight)   Turns: 21843, Time: 02:07:33

Health: -1/114     AC: 15    Str: 19    XL:     14   Next: 77%
Magic:  17/20      EV: 12    Int: 14    God:    Lugonu [******]
Gold:   1644       SH:  6    Dex: 13    Spells: 0 memorised, 13 levels left

rFire  . . .     SeeInvis .     Q - +4 war axe "Porim" {flame, rC+ Str+3}
rCold  + . .     Clarity  +     g - +0 scale mail
rNeg   . . .     SustAt   +     J - +1 buckler {rPois}
rPois  +         Gourm    .     (no helmet)
rElec  .         Spirit   .     s - +0 cloak
rCorr  .         Warding  .     f - +0 pair of gloves
rMut   .         Stasis   .     (boots unavailable)
MR     ++...                    a - amulet of clarity
Stlth  ..........               D - ring of sustain attributes
                                w - ring of protection from magic

@: studying Earth Magic, very resistant to hostile enchantments, extremely
unstealthy
A: hooves 3, rough black scales 1, powered by death 1, spiny 3
a: Depart the Abyss, Bend Space, Banish, Corrupt, Enter the Abyss, Brand Weapon
With Distortion, Renounce Religion


You were on level 4 of the Orcish Mines.
You worshipped Lugonu.
Lugonu was exalted by your worship.
You were not hungry.

You visited 3 branches of the dungeon, and saw 23 of its levels.
You visited the Abyss 2 times.

You collected 2151 gold pieces.
You spent 507 gold pieces at shops.

Inventory:

Hand weapons
 n - a +2 mace of draining
 o - a +0 hand axe of freezing
 y - a +3 battleaxe of freezing
 G - a +0 blowgun
 Q - the +4 war axe "Porim" (weapon) {flame, rC+ Str+3}
   (You found it on level 2 of the Lair of Beasts)

   It has been specially enchanted to burn those struck by it, causing extra
   injury to most foes and up to half again as much damage against particularly
   susceptible opponents.
   Big, fiery blades are also staple armaments of hydra-hunters.
   It affects your strength (+3).
   It protects you from cold.
 Z - a +1 halberd of freezing
Missiles
 c - 10 tomahawks of dispersal (quivered)
 h - 49 poisoned needles
 K - 3 curare-tipped needles
 T - 5 javelins of penetration
Armour
 f - a +0 pair of gloves (worn)
 g - a +0 scale mail (worn)
 s - a +0 cloak (worn)
 u - a +1 chain mail of positive energy
 J - a +1 buckler of poison resistance (worn)
Rods
 i - a +2 rod of ignition (10/10)
   (You found it on level 8 of the Lair of Beasts)
Jewellery
 a - an amulet of clarity (around neck)
 b - an uncursed amulet of regeneration {unknown}
 w - a ring of protection from magic (left hand)
 D - a ring of sustain attributes (right hand)
 F - an uncursed ring of flight
Magical devices
 l - a wand of frost (27)
 m - a wand of cold (0)
 z - a wand of disintegration (8)
 A - a wand of hasting (2)
 B - a wand of cold (0)
 E - a wand of disintegration (5)
 H - a wand of cold (3)
 S - a wand of fireball (11)
 U - a wand of polymorph (9)
 W - a wand of fire (3)
Scrolls
 e - 6 scrolls of remove curse
 x - 6 scrolls of amnesia
 C - 2 scrolls of fog
 N - a scroll of teleportation
 R - 3 scrolls of magic mapping
Potions
 k - 8 potions of curing
 q - 4 potions of haste
 t - a potion of invisibility
Books
 v - a book of Necromancy

   Spells                             Type                      Level
   a - Pain                           Necromancy                   1
   b - Animate Skeleton               Necromancy                   1
   c - Vampiric Draining              Necromancy                   3
   d - Regeneration                   Charms/Necromancy            3
   e - Animate Dead                   Necromancy                   4
   f - Control Undead                 Necromancy                   4
 I - a book of Envenomations

   Spells                             Type                      Level
   a - Spider Form                    Transmutation/Poison         3
   b - Alistair's Intoxication        Transmutation/Poison         4
   c - Olgreb's Toxic Radiance        Poison                       4
   d - Poisonous Cloud                Conjuration/Poison/Air       6
 P - a Fen Folio

   Spells                             Type                      Level
   a - Corpse Rot                     Necromancy                   2
   b - Stone Arrow                    Conjuration/Earth            3
   c - Leda's Liquefaction            Hexes/Earth                  4
   d - Summon Forest                  Summoning/Translocation      5
   e - Hydra Form                     Transmutation                6
   f - Summon Hydra                   Summoning                    7
 V - a book of the Earth

   Spells                             Type                      Level
   a - Leda's Liquefaction            Hexes/Earth                  4
   b - Bolt of Magma                  Conjuration/Fire/Earth       5
   c - Statue Form                    Transmutation/Earth          6
   d - Iron Shot                      Conjuration/Earth            6
   e - Shatter                        Earth                        9
 X - a book of Burglary

   Spells                             Type                      Level
   a - Swiftness                      Charms/Air                   2
   b - Passwall                       Transmutation/Earth          3
   c - Passage of Golubria            Translocation                4
   d - Lee's Rapid Deconstruction     Earth                        5
   e - Darkness                       Hexes                        6
   f - Invisibility                   Hexes                        6
 Y - a manual of Earth Magic
Miscellaneous
 O - a phantom mirror
Comestibles
 d - 52 fruits
 j - 8 bread rations
 r - 5 meat rations
 L - 18 royal jellies


   Skills:
 + Level 11.7 Fighting
 + Level 12.1(13.1) Axes
 + Level 9.1(11.8) Maces & Flails
 - Level 5.1 Throwing
 - Level 10.3 Armour
 + Level 5.1 Dodging
 - Level 0.4 Stealth
 - Level 6.0 Shields
 - Level 7.1 Invocations
 - Level 8.0 Evocations


You had 13 spell levels left.
You didn't know any spells.

Dungeon Overview and Level Annotations

Branches:
Dungeon (11/15)            Temple (0/1) D:6            Lair (8/8) D:11
 Shoals (0/4) Lair:6        Snake (0/4) Lair:3        Slime (0/6) Lair:8
    Orc (4/4) D:10            Elf (0/3) Orc:3

Altars:
Ashenzari
Cheibriados
Dithmenos
Fedhas
Gozag
Nemelex Xobeh
Qazlal
Ru
Vehumet
Xom
Beogh
Jiyva

Shops:
D:6 [   Orc:1 *   Orc:4 :[%*

Annotations:
D:8 exclusion: oklob plant


Innate Abilities, Weirdness & Mutations

You have hooves in place of feet.
You are partially covered in rough black scales (AC +4, Dex -1).
You regenerate a little health from kills.
You are completely covered in sharp spines.


Message History

* * * LOW HITPOINT WARNING * * *
You block the orc high priest's attack.
The blue devil is struck by your spines.
You kill the blue devil!
You completely miss the infernal demonspawn.
The infernal demonspawn is almost dead.
You hit the orc high priest. You burn the orc high priest.
The orc high priest is almost dead.
The infernal demonspawn hits you with a demon whip!
* * * LOW HITPOINT WARNING * * *
You are engulfed in flames!
* * * LOW HITPOINT WARNING * * *
Drink which item? (? for menu, Esc to quit)
You feel magically purged.
The orc high priest is struck by your spines.
You kill the orc high priest!
Lugonu accepts your kill.
The infernal demonspawn is struck by your spines.
The infernal demonspawn hits you with a demon whip.
You die...

..........#.#####[.##
...........###)###)[##
..........###.))###[.##
.........###.#)#.###..##
......#.###..)#...###[)##
.....#.###..)###...###[)##
#.....###...##.##.).###[.##
.#...###...##..)##...))...##
....###...##.)#6@##..)#....##
...###.#.##..###4)##....#...##
..###.......##
∩#..##.....#.∩## .###.....#.##
.. ...##..#.....#
#.###.......##.∩
..##.....#.∩##
##.###.#.##..### .##....#...##
###.###...##..# ##...#....##
.##.####))[##...##........##
.....# ##.[.##.##...###..##


You could see an infernal demonspawn and a blue devil.

Vanquished Creatures
  Nessos (Lair:7)
  Snorg (Orc:1)
  6 hydras
  A catoblepas (Lair:6)
  A tengu warrior (D:10)
  6 orc high priests (Orc:4)
  Urug (Lair:4)
  Sonja (D:11)
  A gelid demonspawn (Orc:4)
  4 hill giants
  3 orc knights
  3 griffons (Lair:4)
  2 ugly things (D:11)
  3 manticores
  6 orc sorcerers (Orc:4)
  A siren (Lair:6)
  A sixfirhy (Orc:4)
  An orange demon (Orc:4)
  2 black mambas
  23 spiny frogs
  7 fire drakes
  8 komodo dragons
  The ghost of dadoka the Martial Artist, an experienced OpTm (D:5)
  A queen bee (D:11)
  2 trolls
  An ancient zyme (Abyss:1)
  2 giant leeches (Lair:8)
  3 blue devils (Orc:4)
  Prince Ribbit (D:6)
  2 two-headed ogres
  14 blink frogs
  A ynoxinul (Orc:4)
  40 yaks
  8 basilisks
  7 wyverns
  13 hippogriffs
  6 vampire mosquitoes (Lair:8)
  A fire elemental (Lair:4)
  13 wolves
  A soldier ant (D:11)
  8 water moccasins
  3 nagas (Lair:3)
  9 porcupines
  2 sky beasts
  A wasp (D:11)
  6 ice beasts
  An eye of draining (D:11)
  22 orc warriors
  4 phantoms
  6 ogres
  5 centaurs
  8 crocodiles
  33 giant frogs
  2 wyvern skeletons
  4 scorpions
  23 killer bees
  10 wights (D:6)
  4 crimson imps
  2 centaur zombies (D:11)
  2 electric eels
  4 giant frog zombies
  22 orc priests
  2 jellies
  A quasit (D:6)
  5 hounds
  13 iguanas
  A giant frog skeleton (D:11)
  A centaur skeleton (D:10)
  15 orc wizards
  11 sheep
  9 worker ants
  A killer bee zombie (D:9)
  A hound skeleton (D:6)
  39 river rats
  9 adders
  3 gnolls (D:9)
  2 shadow imps
  An ooze (D:2)
  An adder skeleton (D:9)
  An adder zombie (D:8)
  4 worms
  137 orcs
  9 bats
  5 giant cockroaches
  8 hobgoblins
  3 jackals (D:4)
  4 quokkas
  A ball python (D:2)
  8 giant geckos
  A giant gecko skeleton (D:6)
  7 giant newts
  2 goblins
  A jackal skeleton (D:5)
  10 kobolds
  A quokka zombie (D:8)
  13 rats
  A fire vortex (Lair:4)
  A fungus (Lair:3)
  4 plants
717 creatures vanquished.

Vanquished Creatures (others)
  A gelid demonspawn (Orc:4)
  2 orc knights (Orc:4)
  A troll (D:11)
  A lava snake (Lair:4)
  A river rat (Lair:1)
  12 fungi
  4 plants
  7 starspawn tentacles (Abyss:1)
  166 starspawn tentacle segments (Abyss:1)
195 creatures vanquished.

Grand Total: 912 creatures vanquished

Notes
Turn   | Place    | Note
--------------------------------------------------------------
     0 | Abyss:1  | shakdrar the Demonspawn Abyssal Knight began the quest for the Orb.
     0 | Abyss:1  | Reached XP level 1. HP: 18/18 MP: 2/2
    65 | Abyss:1  | Found a corrupted altar of Lugonu.
   140 | Abyss:1  | Noticed a thrashing horror
   141 | D:1      | Escaped the Abyss
   355 | D:1      | Reached skill level 1 in Dodging
   379 | D:1      | Gained mutation: You are partially covered in rough black scales (AC +4, Dex -1). [demonic ancestry]
   379 | D:1      | Reached XP level 2. HP: 22/24 MP: 4/4
   386 | D:1      | Acquired Lugonu's first power
  1173 | D:2      | Reached XP level 3. HP: 29/29 MP: 5/5
  1744 | D:2      | Found a sacrificial altar of Ru.
  1911 | D:3      | Acquired Lugonu's second power
  2218 | D:3      | Noticed a giant frog
  2227 | D:3      | Killed a giant frog
  2227 | D:3      | Gained mutation: You are partially covered in sharp spines. [demonic ancestry]
  2227 | D:3      | Reached XP level 4. HP: 29/37 MP: 6/6
  2347 | D:3      | Gained mutation: You have large cloven feet. [demonic ancestry]
  2347 | D:3      | Reached XP level 5. HP: 42/42 MP: 7/7
  4644 | D:4      | Reached skill level 4 in Fighting
  4644 | D:4      | Reached XP level 6. HP: 44/48 MP: 8/8
  4958 | D:4      | Found a radiant altar of Vehumet.
  4959 | D:4      | Noticed an ogre
  4966 | D:4      | Killed an ogre
  5105 | D:4      | Acquired Lugonu's third power
  5125 | D:4      | Found an opulent altar of Gozag.
  5199 | D:4      | Found a stormy altar of Qazlal.
  5302 | D:5      | Entered Level 5 of the Dungeon
  5411 | D:5      | Gained mutation: You have hoof-like feet. [demonic ancestry]
  5411 | D:5      | Reached XP level 7. HP: 21/55 MP: 9/9
  5421 | D:5      | Found a snail-covered altar of Cheibriados.
  5472 | D:5      | Noticed dadoka's ghost (experienced OpTm)
  5521 | D:4      | Found a shattered altar of Ashenzari.
  5788 | D:5      | Killed dadoka's ghost
  5788 | D:5      | Reached skill level 5 in Armour
  6015 | D:5      | Reached XP level 8. HP: 17/61 MP: 10/10
  6379 | D:5      | Reached skill level 6 in Armour
  6444 | D:6      | Reached skill level 5 in Fighting
  6461 | D:6      | Found Yptiumud's Armour Shoppe.
  6555 | D:6      | Noticed Prince Ribbit
  6566 | D:6      | Killed Prince Ribbit
  6566 | D:6      | Reached skill level 7 in Armour
  6644 | D:6      | Found a shadowy altar of Dithmenos.
  6822 | D:6      | Acquired Lugonu's fourth power
  6822 | D:6      | Reached skill level 5 in Maces & Flails
  6842 | D:6      | Reached XP level 9. HP: 55/68 MP: 11/11
  6990 | D:6      | Reached skill level 8 in Armour
  7196 | D:6      | Found a staircase to the Ecumenical Temple.
  7797 | D:7      | Found a shimmering altar of Xom.
  8002 | D:7      | Found a sparkling altar of Nemelex Xobeh.
  8607 | D:8      | Found a blossoming altar of Fedhas.
  8613 | D:8      | Noticed an oklob plant
  8730 | D:8      | Acquired Lugonu's fifth power
  8983 | D:8      | Gained mutation: You regenerate a little health from kills. [demonic ancestry]
  8983 | D:8      | Reached XP level 10. HP: 74/76 MP: 13/13
  9010 | D:8      | Reached skill level 5 in Throwing
  9231 | D:9      | Reached skill level 1 in Evocations
  9407 | D:9      | Reached skill level 5 in Evocations
  9531 | D:10     | Entered Level 10 of the Dungeon
  9546 | D:10     | Noticed a hill giant
  9556 | D:10     | Killed a hill giant
  9971 | D:10     | Noticed a tengu warrior
  9979 | D:10     | Killed a tengu warrior
  9979 | D:10     | Reached XP level 11. HP: 79/83 MP: 17/17
 10017 | D:10     | Found a staircase to the Orcish Mines.
 10072 | D:10     | Reached skill level 1 in Shields
 10530 | D:11     | Found a staircase to the Lair.
 10821 | D:11     | Noticed Sonja
 10839 | D:11     | Killed Sonja
 10960 | D:11     | Reached skill level 5 in Shields
 11085 | D:11     | Reached skill level 9 in Armour
 11145 | D:11     | Noticed a hill giant
 11152 | D:11     | Reached skill level 5 in Invocations
 11159 | D:11     | Killed a hill giant
 11504 | D:11     | Noticed a hill giant
 11550 | D:11     | Killed a hill giant
 11670 | D:11     | Noticed a hill giant
 11680 | D:11     | Killed a hill giant
 11886 | Lair:1   | Entered Level 1 of the Lair of Beasts
 12017 | Lair:1   | Gained mutation: You have hooves in place of feet. [demonic ancestry]
 12017 | Lair:1   | Reached XP level 12. HP: 58/89 MP: 18/18
 12444 | Lair:1   | Noticed a seven-headed hydra
 12460 | Lair:1   | HP: 4/89 [spatial distortion (3)]
 12465 | Lair:1   | Banished a seven-headed hydra
 12833 | Lair:1   | Reached skill level 10 in Armour
 13411 | Lair:2   | Got a scorched war axe
 13416 | Lair:2   | Identified the +4 war axe "Porim" {flame, rC+ Str+3} (You found it on level 2 of the Lair of Beasts)
 13457 | Lair:2   | Reached skill level 1 in Axes
 13932 | Lair:2   | Noticed a four-headed hydra
 13947 | Lair:2   | Killed a one-headed hydra
 14152 | Lair:3   | Noticed an eight-headed hydra
 14156 | Lair:3   | Noticed a six-headed hydra
 14236 | Lair:3   | Reached skill level 5 in Axes
 14311 | Lair:3   | Found a staircase to the Snake Pit.
 14410 | Lair:3   | Killed an eight-headed hydra
 14451 | Lair:3   | Killed a six-headed hydra
 14885 | Lair:4   | Gained mutation: You are mostly covered in sharp spines. [demonic ancestry]
 14885 | Lair:4   | Reached XP level 13. HP: 62/94 MP: 19/19
 15102 | Lair:4   | Noticed Urug
 15121 | Lair:4   | Killed Urug
 15373 | Lair:4   | Noticed a seven-headed hydra
 15377 | Lair:4   | Killed a seven-headed hydra
 15505 | Lair:4   | Reached skill level 10 in Axes
 16885 | Lair:6   | Found a dark tunnel.
 16896 | Lair:6   | Reached skill level 11 in Axes
 17119 | Lair:6   | Found a staircase to the Shoals.
 17683 | Lair:7   | Noticed Nessos
 17701 | Lair:7   | Killed Nessos
 18016 | Lair:7   | You fall through a shaft!
 18016 | Lair:8   | Entered Level 8 of the Lair of Beasts
 18062 | Lair:8   | Gained mutation: You are completely covered in sharp spines. [demonic ancestry]
 18062 | Lair:8   | Reached XP level 14. HP: 83/108 MP: 20/20
 18294 | Lair:8   | Reached skill level 10 in Fighting
 18301 | Lair:8   | Found a viscous altar of Jiyva.
 18301 | Lair:8   | Found a staircase to the Slime Pits.
 19407 | Orc:1    | Entered Level 1 of the Orcish Mines
 19523 | Orc:1    | Noticed Snorg
 19536 | Orc:1    | Killed Snorg
 19557 | Orc:1    | Found a roughly hewn altar of Beogh.
 19715 | Orc:1    | Found Dokatt Fann's Assorted Antiques.
 19723 | Orc:1    | Bought a scroll labeled ZOGITO BYLOPPE for 19 gold pieces
 19723 | Orc:1    | Bought a scroll labeled TIDGHO WUNOMYU for 19 gold pieces
 19723 | Orc:1    | Bought a scroll labeled ETROUZXIUPA for 19 gold pieces
 20454 | Orc:3    | Found a staircase to the Elven Halls.
 20820 | Orc:4    | Entered Level 4 of the Orcish Mines
 20947 | Orc:4    | Found Gugucul's Food Emporium.
 20995 | Orc:4    | Found Suonur's General Store.
 21149 | Abyss:1  | Noticed a tentacled starspawn
 21169 | Abyss:1  | Found an iron altar of Okawaru.
 21180 | Abyss:1  | Noticed a tentacled starspawn
 21182 | Orc:4    | Escaped the Abyss
 21596 | Orc:4    | Found a roughly hewn altar of Beogh.
 21788 | Orc:4    | Bought a wand of fireball (11) for 450 gold pieces
 21826 | Orc:4    | Reached skill level 12 in Axes
 21828 | Orc:4    | Found Oteeka's Book Boutique.
 21828 | Orc:4    | Found Tuetweuv's Antique Armour Shop.
 21833 | Orc:4    | Reached skill level 5 in Dodging
 21842 | Orc:4    | HP: 4/114 [infernal demonspawn/demon whip (15)]
 21843 | Orc:4    | Slain by an infernal demonspawn

Vault maps used:
D:1:      sevenhm_arrival_forest_fort_large_1
D:2:      hangedman_decor_push, nicolae_ru_path_of_blood
D:3:      corexii_shack_village
D:4:      kennysheep_little_box, nicolae_gozag_seed_capital,
          nicolae_overflow_hidden_temple
D:5:      cheibriados_altar_1, first_bread, gup_sewer_entry_bowl
D:6:      temple_pool_b, serial_shops, shop_fountains, grunt_dithmenos_shadows,
          uniq_prince_ribbit1
D:7:      lemuel_round_altar, nemelex_deck
D:8:      tgw_fedhas
D:10:     orc_0_dummy
D:11:     lair_0_dummy, special_room, hangedman_pestilent_swarm,
          serial_park_tiny_2, uniq_sonja
Lair:1:   minivault_19, serial_bayou_pond_e, minivault_25, serial_bayou_pond_c,
          infiniplex_staircase_pool
Lair:3:   guppyfry_snake_entry_garden, serial_bayou_pond_d, grunt_megastairs_3,
          bh_autumn_forest_stairs, lemuel_fruit_fields
Lair:4:   special_room, lab_entry_generic, lemuel_fruit_tree, uniq_urug
Lair:5:   minivault_27, serial_bayou_shore_b, wad_woods_river_01
Lair:6:   minmay_shoals_entry_lonely_mermaid, nicolae_volcano_entry_lava_flow,
          columned_hall_lemuel, eino_small_chamber_without_monster
Lair:7:   serial_forest, infiniplex_forest_clump_medium,
          infiniplex_forest_straight_1, infiniplex_forest_clump_medium,
          infiniplex_forest_straight_2, infiniplex_forest_lined_2,
          infiniplex_forest_zigzag_2, serial_bayou_pond_a, wad_woods_river_04,
          uniq_nessos
Lair:8:   minmay_lair_end_frog_pond, dpeg_slime_entry_enclosed_altar
Orc:1:    basic_altar, serial_shops, shop_statue, uniq_snorg
Orc:2:    nicolae_orc_sculptors_studio
Orc:3:    nicolae_orc_pool_cavern
Orc:4:    pf_orc_diabolical, basic_altar
Abyss:1:  hangedman_abyss_or_decor_stabs

Action                   |  1- 3 |  4- 6 |  7- 9 | 10-12 | 13-15 || total
-------------------------+-------+-------+-------+-------+-------++-------
Melee: Mace              |   160 |    72 |   288 |   613 |     3 ||  1136
       War axe           |       |       |       |   122 |   693 ||   815
 Fire: Blowgun           |       |       |       |    25 |    25 ||    50
Throw: Javelin           |       |     5 |     6 |    25 |       ||    36
Invok: Depart the Abyss  |     1 |       |       |       |       ||     1
       Bend Space        |       |       |     1 |     1 |       ||     2
       Banish            |       |       |       |     3 |     4 ||     7
       Enter the Abyss   |       |       |       |       |     1 ||     1
Evoke: Wand              |       |       |       |    23 |    14 ||    37
  Use: Scroll            |     4 |     3 |     9 |     8 |    10 ||    34
       Potion            |     4 |     2 |     3 |     3 |     7 ||    19
  Eat: Royal jelly       |     1 |       |       |       |       ||     1
       Meat ration       |     1 |     1 |     1 |     1 |     3 ||     7
       Chunk             |     1 |       |       |       |       ||     1
       Bread ration      |       |     1 |       |     1 |     2 ||     4
       Pizza             |       |       |     3 |     1 |       ||     4
       Beef jerky        |       |       |       |     7 |     1 ||     8
